 Dungeon Crawl Stone Soup version 0.31-a0-1074-g0b22e4e0f1 (webtiles) character file.

Game seed: 15030959651958381478

3415 grandjackal the Trooper (level 10, -3/73 HPs)
             Began as a Djinni Gladiator on Nov 30, 2023.
             Was an Initiate of Gozag.
             Slain by a wyvern (11 damage)
             ... on level 8 of the Dungeon.
             The game lasted 00:10:23 (7596 turns).

grandjackal the Trooper (Djinni Gladiator)          Turns: 7596, Time: 00:10:24

Health: -3/73      AC:  4    Str: 15    XL:     10   Next: 25%
Gold:   75         EV: 13    Int: 13    God:    Gozag SH:  0 Dex: 16

rFire   + + .        s - +6 rapier "Spiderbane" {venom, rC+ rN+ Str+2}
rCold   . . .        (no shield)
rNeg    + . .        b - +0 leather armour
rPois   ∞            c - +0 helmet
rElec   .            (no cloak)
rCorr   +            (no gloves)
SInv    .            (boots unavailable)
Will    +....        (no amulet)
Stlth   +            o - ring of resist corrosion
HPRegen 0.32/turn    (no ring)
MPRegen 0.00/turn

%: infuse magic (-4 HP)
@: flying
A: sickness immunity, fire resistance 2, cold vulnerability 1, float, innate
caster, HP casting, extra vitality 1
a: Renounce Religion, Potion Petition, Call Merchant, Bribe Branch


You were on level 8 of the Dungeon.
You worshipped Gozag.
Gozag was noncommittal.
You visited 2 branches of the dungeon, and saw 9 of its levels.
You also visited: Sewer.

You collected 730 gold pieces.
You spent 583 gold pieces at shops.
You paid 72 gold pieces to Gozag.

Inventory:

Hand Weapons
 a - a +0 quarterstaff
 s - the +6 rapier "Spiderbane" (weapon) {venom, rC+ rN+ Str+2}
   (You found it on level 4 of the Dungeon)

   Str+2:     It affects your strength (+2).
   rC+:       It protects you from cold.
   rN+:       It protects you from negative energy.
 u - a +3 scimitar of flaming
Missiles
 e - 7 javelins
Armour
 b - a +0 leather armour (worn)
 c - a +0 helmet (worn)
Jewellery
 o - a ring of resist corrosion (left hand)
Wands
 r - a wand of flame (11)
 v - a wand of paralysis (10)
Scrolls
 h - 2 scrolls of noise {unknown}
 k - 2 scrolls of butterflies
 l - 2 scrolls of torment {unknown}
 n - a scroll of silence {unknown}
 p - 2 scrolls of revelation {unknown}
 q - a scroll of enchant armour
 t - a scroll of blinking
Potions
 f - 2 potions of brilliance
 g - 2 potions of enlightenment
 i - 2 potions of haste
 j - 10 potions of curing
 m - 9 potions of heal wounds
 w - a potion of ambrosia {unknown}
 x - 2 potions of invisibility
 z - 2 potions of might
 A - a potion of mutation


   Skills:
 + Level 6.7 Fighting
 + Level 6.4 Staves
 - Level 1.5 Throwing
 - Level 3.2 Dodging
 * Level 6.6 Spellcasting
 * Level 6.6 Conjurations
 * Level 6.6 Hexes
   Level 0.0 Charms
 * Level 6.6 Summonings
 * Level 6.6 Necromancy
 * Level 6.6 Translocations
 * Level 6.6 Transmutations
 * Level 6.6 Fire Magic
 * Level 6.6 Ice Magic
 * Level 6.6 Air Magic
 * Level 6.6 Earth Magic
 * Level 6.6 Poison Magic
 + Level 5.2 Evocations


You knew the following spells:

 Your Spells              Type           Power      Damage    Failure   Level
a - Apportation           Tloc           42%        N/A       1%          1
b - Wereblood             Tmut           21%        N/A       1%          2
c - Inner Flame           Hex/Fire       21%        N/A       3%          3
d - Hailstorm             Conj/Ice       21%        3d6       3%          3
Your spell library was empty.

Dungeon Overview and Level Annotations

Branches:
Dungeon (8/15)             Temple (1/1) D:6           Sewer (visited)
   Lair: D:8-11

Altars:
Ashenzari
Cheibriados
Dithmenos
Elyvilon
Fedhas
Gozag
Hepliaklqana
Makhleb
Nemelex Xobeh
Okawaru
Qazlal
Ru
Trog
Uskayaw
Wu Jian
Xom
Yredelemnul
Zin
The Shining One

Shops:
D:5 !   D:7 (

Annotations:
D:3 1 runed translucent door, Frenzy's ghost, amateur FoFi
D:7 3 runed translucent doors, Dordric's ghost, novice TrSh; Midpoint's ghost, amateur HONe; Tollund's ghost, novice HuBe; jlumianski's ghost, novice GnSh; wildpjah's ghost, novice MiFi


Innate Abilities, Weirdness & Mutations

You are immune to sickness and miasma.
You are immune to poison.
Your flesh is very heat resistant. (rF++)
You are vulnerable to cold. (rC-)
You float through the air rather than walking.
You learn spells naturally, not from books.
Your magical power is your life essence.
You have superior vitality. (+4 MHP)


Message History

You are no longer berserk.
You are exhausted.
You feel as though you will be slow longer.
You start resting.
You recover from your berserk rage.
You start resting.
You feel yourself speed up.
HP restored.
You now have 70 gold pieces (gained 4).
You now have 75 gold pieces (gained 5).
z - 2 potions of might (gained 1)
A wyvern comes into view.
The wyvern hisses angrily.
You see here 15 gold pieces.
A wyvern is nearby!
The wyvern closely misses you.
You closely miss the wyvern. The wyvern barely misses you.
You closely miss the wyvern. The wyvern bites you. The wyvern bites you!
You puncture the wyvern!
The wyvern is moderately wounded.
The wyvern bites you! x2
You are too injured to fight recklessly!
You are too injured to fight recklessly!
You are too injured to fight recklessly!
You closely miss the wyvern.
The wyvern is moderately wounded.
The wyvern bites you! The wyvern bites you.
* * * LOW HITPOINT WARNING * * *
Throw: throwing net
Press: ? - help, Q - select action, (/) - cycle Shift-Dir - straight line, f - wyvern
Aim: a wyvern (moderately wounded, 60% to hit)
You throw a throwing net.
The throwing net barely misses the wyvern.
The wyvern bites you!
* * * LOW HITPOINT WARNING * * *
You barely miss the wyvern.
The wyvern is moderately wounded.
The wyvern misses you. The wyvern bites you!
You die...
Your body crumbles into a pile of gold.

...(... ♣♣....... ♣.♣
♣♣........ ♣.♣♣♣♣..
..... . .⌠...... .... .
♣♣.♣♣ ♣..##.# . ♣.♣.♣.♣
♣...l#
.♣♣♣.♣♣.♣♣.♣♣♣..@#
....♣♣♣.♣♣♣.....$#
....♣♣...♣♣...##...#
#...♣..#..♣...####.....
......###...#.######.#.#
..###................#
...##.##########.###.
##....# ###. ...#..# ##


You could see a wyvern.

Vanquished Creatures
  Erica (D:8)
  Prince Ribbit (D:7)
  Sigmund (D:3)
  A wraith (D:8)
  An acid dragon (D:8)
  2 water moccasins (D:7)
  A sky beast (D:8)
  An ice beast (D:7)
  An orc warrior (D:7)
  A black bear (D:6)
  An ogre (D:5)
  2 phantoms
  A centaur (D:8)
  2 kobold brigands (Sewer)
  5 scorpions
  5 wights (D:5)
  3 hounds
  A jelly (D:7)
  A gnoll bouda (D:7)
  2 sleepcaps
  3 iguanas
  An orc wizard (D:7)
  Terence (D:3)
  Robin (D:2)
  6 adders
  9 gnolls
  2 river rats (Sewer)
  2 white imps
  2 ufetubi (D:7)
  2 worms
  A dart slug (D:3)
  8 orcs
  10 ball pythons
  6 bats
  6 endoplasms
  5 giant cockroaches
  16 goblins
  9 hobgoblins
  9 jackals
  2 quokkas
  A frilled lizard (D:1)
  8 kobolds
  7 rats
151 creatures vanquished.

Notes
Turn   | Place    | Note
-------+----------+-------------------------------------------
     0 | D:1      | grandjackal the Djinni Gladiator began the quest for the
                  | Orb.
     0 | D:1      | Reached XP level 1. HP: 18/18 MP: 0/0
   143 | D:1      | Reached XP level 2. HP: 23/23 MP: 0/0
   730 | D:1      | Reached skill level 1 in Spellcasting
   730 | D:1      | Reached skill level 1 in Conjurations
   730 | D:1      | Reached skill level 1 in Hexes
   730 | D:1      | Reached skill level 1 in Summonings
   730 | D:1      | Reached skill level 1 in Necromancy
   730 | D:1      | Reached skill level 1 in Translocations
   730 | D:1      | Reached skill level 1 in Transmutations
   730 | D:1      | Reached skill level 1 in Fire Magic
   730 | D:1      | Reached skill level 1 in Ice Magic
   730 | D:1      | Reached skill level 1 in Air Magic
   730 | D:1      | Reached skill level 1 in Earth Magic
   730 | D:1      | Reached skill level 1 in Poison Magic
   777 | D:1      | Reached XP level 3. HP: 20/28 MP: 0/0
   777 | D:1      | Learned a level 1 spell: Apportation
   978 | D:2      | Noticed Robin
   998 | D:2      | Killed Robin
  1007 | D:2      | Reached XP level 4. HP: 5/34 MP: 0/0
  1876 | D:3      | Noticed Sigmund
  1944 | D:3      | Killed Sigmund
  1945 | D:3      | Reached XP level 5. HP: 3/40 MP: 0/0
  1945 | D:3      | Learned a level 2 spell: Wereblood
  1945 | D:3      | Reached XP level 6. HP: 3/46 MP: 0/0
  1946 | D:3      | HP: 2/46 [quokka (1)]
  2157 | D:3      | Noticed Terence
  2252 | D:3      | Found a runed translucent door.
  2258 | D:3      | Noticed Frenzy's ghost (amateur FoFi)
  2297 | D:3      | Killed Terence
  2670 | D:3      | Reached XP level 7. HP: 39/51 MP: 0/0
  2670 | D:3      | Learned a level 3 spell: Inner Flame
  3572 | D:4      | Identified the +6 rapier "Spiderbane" {venom, rC+ rN+
                  | Str+2}
  3691 | D:5      | Entered Level 5 of the Dungeon
  3692 | D:5      | Found Kyuppi's Distillery.
  3737 | D:5      | Bought a potion of degeneration for 11 gold pieces
  3757 | D:5      | Reached skill level 1 in Evocations
  3840 | D:5      | Reached XP level 8. HP: 12/58 MP: 0/0
  4515 | D:6      | Found a sacrificial altar of Ru.
  4580 | D:6      | Found a staircase to the Ecumenical Temple.
  4593 | Temple   | Entered the Ecumenical Temple
  4621 | Temple   | Became a worshipper of Gozag Ym Sagoz the Greedy
  4929 | D:6      | Found a glowing drain.
  5004 | Sewer    | Entered a sewer
  5094 | Sewer    | Reached skill level 5 in Fighting
  5094 | Sewer    | Reached skill level 5 in Staves
  5259 | Sewer    | Found a glowing silver altar of Zin.
  5448 | D:6      | Reached XP level 9. HP: 65/65 MP: 0/0
  5448 | D:6      | Learned a level 3 spell: Hailstorm
  5478 | D:6      | Reached skill level 5 in Spellcasting
  5478 | D:6      | Reached skill level 5 in Conjurations
  5478 | D:6      | Reached skill level 5 in Hexes
  5478 | D:6      | Reached skill level 5 in Summonings
  5478 | D:6      | Reached skill level 5 in Necromancy
  5478 | D:6      | Reached skill level 5 in Translocations
  5478 | D:6      | Reached skill level 5 in Transmutations
  5478 | D:6      | Reached skill level 5 in Fire Magic
  5478 | D:6      | Reached skill level 5 in Ice Magic
  5478 | D:6      | Reached skill level 5 in Air Magic
  5478 | D:6      | Reached skill level 5 in Earth Magic
  5478 | D:6      | Reached skill level 5 in Poison Magic
  5753 | D:7      | Found a runed translucent gate.
  5753 | D:7      | Found a runed translucent gate.
  5753 | D:7      | Noticed Dordric's ghost (novice TrSh)
  5754 | D:7      | Found a runed translucent gate.
  5754 | D:7      | Noticed Tollund's ghost (novice HuBe)
  5754 | D:7      | Noticed jlumianski's ghost (novice GnSh)
  5755 | D:7      | Noticed wildpjah's ghost (novice MiFi)
  5755 | D:7      | Noticed Midpoint's ghost (amateur HONe)
  6300 | D:7      | Found Gewip's Hydra Hut.
  6300 | D:7      | Noticed Prince Ribbit
  6314 | D:7      | Killed Prince Ribbit
  6671 | D:7      | Noticed a six-headed hydra
  7185 | D:5      | Bought 2 potions of invisibility for 176 gold pieces
  7185 | D:5      | Bought a potion of might for 44 gold pieces
  7185 | D:5      | Bought a potion of mutation for 88 gold pieces
  7185 | D:5      | Bought 2 potions of curing for 66 gold pieces
  7185 | D:5      | Bought a potion of curing for 33 gold pieces
  7185 | D:5      | Bought 2 potions of heal wounds for 110 gold pieces
  7185 | D:5      | Bought a potion of berserk rage for 55 gold pieces
  7251 | D:8      | Noticed Erica
  7264 | D:8      | Killed Erica
  7265 | D:8      | Reached XP level 10. HP: 57/73 MP: 0/0
  7381 | D:8      | Reached skill level 5 in Evocations
  7596 | D:8      | Slain by a wyvern

Illustrated notes

Levels and vault maps discovered:
D:1:      sevenhm_arrival_forest_fort_small_6, layout_basic,
          grunt_decor_one_mirror
D:2:      layout_loops_ring, minmay_hexomino_c4, uniq_robin
D:3:      layout_rooms, ebering_ghost_reflecting_pool, uniq_terence,
          uniq_sigmund
D:4:      layout_basic
D:5:      layout_rooms, serial_shops, shop
D:6:      layout_loops_ring, lemuel_doored_altar, minmay_temple_entry_tees,
          portal_sewer_entry_a, serial_library_hellmonk_room_b,
          kennysheep_generic_room_11
D:7:      layout_loops_ring, gammafunk_ghost_cemetery, minmay_misc_feat_tower,
          doesnt_shop_hydraphobe, uniq_prince_ribbit1
D:8:      minmay_octagon_keep, layout_rooms, erik_lair_dragon,
          minmay_misc_feat_encased, kb_rosetta, uniq_erica
Temple:   regret_index_temple_sigil_plot

Skill      XL: |  1  2  3  4  5  6  7  8  9 10 |
---------------+-------------------------------+-----
Spellcasting   | 1 2 3 4 6 |  6.6
Conjurations   | 1 2 3 4 6 |  6.6
Hexes          | 1 2 3 4 6 |  6.6
Summonings     | 1 2 3 4 6 |  6.6
Necromancy     | 1 2 3 4 6 |  6.6
Translocations | 1 2 3 4 6 |  6.6
Transmutations | 1 2 3 4 6 |  6.6
Fire Magic     | 1 2 3 4 6 |  6.6
Ice Magic      | 1 2 3 4 6 |  6.6
Air Magic      | 1 2 3 4 6 |  6.6
Earth Magic    | 1 2 3 4 6 |  6.6
Poison Magic   | 1 2 3 4 6 |  6.6
Staves         | 3 4 5 6 |  6.4
Fighting       | 3 4 5 6 |  6.7
Evocations     | 1 3 4 5 |  5.2
Throwing       | |  1.5
Dodging        | |  3.2

Action                     |  1- 3 |  4- 6 |  7- 9 | 10-12 || total
---------------------------+-------+-------+-------+-------++-------
  Melee: Quarterstaff      |    91 |   137 |    27 |       ||   255
         Rapier            |       |       |   215 |    25 ||   240
         Punch             |       |       |     6 |       ||     6
  Throw: Throwing net      |       |     2 |     4 |     1 ||     7
   Cast: Inner Flame       |       |       |     3 |       ||     3
         Hailstorm         |       |       |     3 |     3 ||     6
  Evoke: Wand              |       |       |     4 |       ||     4
    Use: Potion            |       |     2 |     1 |     1 ||     4
         Scroll            |       |       |     6 |       ||     6
   Stab: Paralysed         |       |       |     6 |       ||     6
         Held in net/web   |       |       |     1 |       ||     1
 Armour: Leather armour    |    57 |   104 |   172 |    20 ||   353
         Skin              |       |       |     8 |       ||     8
  Dodge: Dodged            |    66 |   103 |   188 |    24 ||   381

Table legend: (Time is in decaauts)
 A = Elapsed time spent in this place.
 B = Non-inter-level travel time spent in this place.
 C = Inter-level travel time spent in this place.
 D = Time resting spent in this place.
 E = Time spent auto-exploring this place.
 F = Levels seen in this place.
 G = Mean time per level.
                   A        B        C        D        E       F      G
               +--------+--------+--------+--------+--------+-----+--------+
         Total |   7709 |   7321 |    388 |   1939 |   4025 |  10 |  770.9 |
       Dungeon |   7354 |   7021 |    333 |   1817 |   3950 |   8 |  919.2 |
        Temple |     56 |      1 |     55 |      0 |      0 |   1 |   56.0 |
         Sewer |    298 |    298 |      0 |    122 |     75 |   1 |  298.0 |
               +--------+--------+--------+--------+--------+-----+--------+

Top non-repeatable levels by time:
     D:7: 1329 daAuts
     D:2: 1238 daAuts
     D:6: 954 daAuts
     D:4: 933 daAuts
     D:1: 897 daAuts
     D:3: 862 daAuts
     D:5: 589 daAuts
     D:8: 550 daAuts
   Sewer: 298 daAuts
  Temple: 56 daAuts
